 Dungeon Crawl Stone Soup version 0.21.1-1-g345015f (webtiles) character file.

77 lysyklops the Skirmisher (level 4, 0/29 HPs)
             Began as a Gargoyle Fighter on July 24, 2018.
             Slain by a gnoll
             ... wielding a +0 halberd
              (12 damage)
             ... on level 1 of the Dungeon.
             The game lasted 00:03:33 (1618 turns).

lysyklops the Skirmisher (Gargoyle Fighter)         Turns: 1618, Time: 00:03:33

Health: 0/29       AC: 10    Str: 20    XL:     4   Next: 33%
Magic:  4/4        EV:  7    Int:  8    God:
Gold:   69         SH:  9    Dex: 10    Spells: 3/3 levels left

rFire    . . .     SeeInvis .   a - +0 flail
rCold    . . .     Gourm    .   c - +0 shield
rNeg     + . .     Faith    .   b - +0 scale mail
rPois    ∞         Spirit   .   (no helmet)
rElec    +         Reflect  .   (no cloak)
rCorr    .         Harm     .   (no gloves)
MR       .....                  (no boots)
Stlth    ..........             (no amulet)
HPRegen  0.09/turn              (no ring)
MPRegen  0.09/turn              (no ring)

@: no status effects
A: negative energy resistance 1, electricity resistance, unbreathing,
petrification resistance, rot immunity, AC +3
a: no special abilities


You were on level 1 of the Dungeon.
You were not hungry.

You visited 1 branch of the dungeon, and saw 2 of its levels.

You collected 69 gold pieces.

Inventory:

Hand Weapons
 a - a +0 flail (weapon)
 o - a +0 hunting sling
Missiles
 p - 16 stones (quivered)
Armour
 b - a +0 scale mail (worn)
 c - a +0 shield (worn)
 q - a +0 helmet
Jewellery
 h - a cursed ring of teleportation {unknown}
Scrolls
 e - a scroll of amnesia {unknown}
 g - a scroll of remove curse {unknown}
 j - a scroll of fog {unknown}
 k - 3 scrolls of blinking {unknown}
 l - 2 scrolls of fear {unknown}
 m - 2 scrolls of teleportation {unknown}
Potions
 d - 2 potions of might
 i - 2 potions of curing {unknown}
 n - a potion of ambrosia {unknown}
Comestibles
 f - a ration


   Skills:
 + Level 4.0 Fighting
 + Level 2.7 Maces & Flails
 + Level 3.9 Armour
 + Level 3.9 Shields


You had 3 spell levels left.
You didn't know any spells.

Dungeon Overview and Level Annotations

Branches:
Dungeon (2/15)

Altars:


Innate Abilities, Weirdness & Mutations

You are resistant to torment.
Your stone body is resilient. (AC +3)
You are immune to poison.
You resist negative energy. (rN+)
You are resistant to electric shocks. (rElec)
You can survive without breathing.
You are immune to petrification.
You are immune to rotting.


Message History

You block the gnoll's attack. The gnoll hits you but does no damage.
You block the gnoll's attack.
You climb upwards.
There is a stone staircase leading down here.
You closely miss the gnoll.
The gnoll hits you but does no damage. x2
The gnoll hits you with a whip.
The gnoll hits you with a spear of flaming.
The gnoll burns you.
You thump the gnoll!
You kill the gnoll!
You block the gnoll's attack. x2
The gnoll hits you from afar with a halberd.
The gnoll barely misses you.
You see here a spear of flaming.
The gnoll hits you with a whip. The gnoll hits you with a halberd.
There is a stone staircase leading down here.
You sock the gnoll!
The gnoll is severely wounded.
The gnoll hits you but does no damage. The gnoll hits you with a halberd!
You die...

###'###....#'##+#.#
#.##......
#.................#
##.##......
#.......##........#
#..........
##.......##........#
#.....)####
.........#####'#+#.#
#......#
#................#.#
#......#
#......#######...#.#
#......#
#......########g.#.#
#......#
#............(.g@#.#
#......####
#.....(.........)#.#
##.......(.
#.##############.#.#
########## #.# #.#.#
#..... #.# #.#.#
###..# #.# #####.#.#
##... #.# #.......#
#.... #.# #.###.###
#.... #.# #.# #.#
#....


You could see 2 gnolls.

Vanquished Creatures
  2 gnolls
  2 adders (D:2)
  An ooze (D:2)
  A dart slug (D:2)
  2 leopard geckos
  5 bats
  4 giant cockroaches
  2 goblins (D:2)
  A hobgoblin (D:1)
  5 kobolds
  A quokka (D:2)
  2 frilled lizards
  5 rats
33 creatures vanquished.

Notes
Turn   | Place    | Note
-------+----------+-------------------------------------------
     0 | D:1      | lysyklops the Gargoyle Fighter began the quest for the Orb.
     0 | D:1      | Reached XP level 1. HP: 14/14 MP: 1/1
   157 | D:1      | Reached XP level 2. HP: 14/19 MP: 2/2
  1171 | D:2      | Reached XP level 3. HP: 21/24 MP: 3/3
  1370 | D:2      | Reached skill level 4 in Fighting
  1370 | D:2      | Reached XP level 4. HP: 12/29 MP: 4/4
  1618 | D:1      | Slain by a gnoll

Skill      XL: |  1  2  3 |
---------------+----------+-----
Fighting       | 4 |  4.0
Maces & Flails | |  2.7
Armour         | |  3.9
Shields        | |  3.9

Action                   |  1- 3 |  4- 6 || total
-------------------------+-------+-------++-------
Melee: Flail             |   156 |     7 ||   163
  Eat: Chunk             |     1 |       ||     1
       Ration            |       |     1 ||     1
Armor: Scale mail        |   104 |     9 ||   113
Dodge: Dodged            |    65 |     3 ||    68
Block: Shield            |   111 |     9 ||   120
